 Dungeon Crawl Stone Soup version 0.32-a0-859-gb0a091d592 (webtiles) character file.

Game seed: 3838972032684987191

3127 oldriver the Fighter (level 9, 0/79 HPs)
             Began as a Coglin Shapeshifter on Mar 27, 2024.
             Was a Believer of Ru.
             Succumbed to a killer bee's poison
             ... on level 8 of the Dungeon on Mar 28, 2024.
             The game lasted 00:12:25 (8494 turns).

oldriver the Fighter (Coglin Shapeshifter)          Turns: 8494, Time: 00:12:26

Health: 0/79       AC:  5    Str: 22    XL:     9   Next: 92%
Magic:  9/9        EV: 12    Int:  9    God:    Ru [**....]
Gold:   180        SH:  0    Dex: 14    Spells: 8/8 levels left

rFire   . . .        e - +1 demon trident of Dofer {venom, rC+ Str+3}
rCold   + . .        A - +1 whip (flame) {Myungok}
rNeg    . . .        u - +0 steam dragon scales
rPois   .            (helmet currently unavailable)
rElec   .            (cloak currently unavailable)
rCorr   .            (gloves currently unavailable)
SInv    .            (boots currently unavailable)
Will    .....        (amulet unavailable)
Stlth   +            (ring unavailable)
HPRegen 0.33/turn    (ring unavailable)
MPRegen 0.11/turn    (no gizmo)

%: no passive effects
@: lethally poisoned (0 -> 0), beast-form, revving
A: beast (slay +3), inability to use devices, off-hand wielding, slow wielding,
warmup strikes, no jewellery
a: Invent Gizmo, Begin Untransformation, Renounce Religion


You were on level 8 of the Dungeon.
You worshipped Ru.
Ru was pleased with you.
You were a hulking beast.
You visited 2 branches of the dungeon, and saw 9 of its levels.
You also visited: Ossuary.

You collected 369 gold pieces.
You spent 189 gold pieces at shops.

Inventory:

Hand Weapons
 e - the +1 demon trident of Dofer (weapon) {venom, rC+ Str+3}
   (You found it on level 4 of the Dungeon)

   Str+3:     It affects your strength (+3).
   rC+:       It protects you from cold.
 y - a +0 flail of holy wrath {Jasleen}
 A - a +1 whip of flaming (offhand) {Myungok}
Missiles
 j - 11 poisoned darts (quivered)
Armour
 u - +0 steam dragon scales (worn)
Talismans
 c - a beast talisman (active)
 d - a flux talisman
Wands
 k - a wand of paralysis (8)
 p - a wand of iceblast (15)
 r - a wand of polymorph (11)
Scrolls
 f - 4 scrolls of identify
 g - 8 scrolls of teleportation
 h - a scroll of enchant armour
 i - a scroll of fear
 m - a scroll of vulnerability
 n - 3 scrolls of noise
 o - 2 scrolls of blinking
 t - a scroll of amnesia {unknown}
 x - 2 scrolls of poison
 z - a scroll of fog
Potions
 a - 3 potions of curing {unknown}
 b - 3 potions of lignification
 q - 2 potions of mutation {unknown}
 s - a potion of cancellation {unknown}
 v - a potion of attraction {unknown}
 w - a potion of invisibility {unknown}


   Skills:
 * Level 10.4 Fighting
 + Level 2.1 Armour
 + Level 3.0 Dodging
 - Level 3.5 Unarmed Combat
 + Level 6.7 Shapeshifting


You had 8 spell levels left.
You didn't know any spells.
Your spell library contained the following spells:

 Spells                   Type           Power      Damage    Failure   Level
 Passwall                 Erth           0%         N/A       77%         3
 Volatile Blastmotes      Fire/Tloc      0%         2d10      77%         3
 Vhi's Electric Charge    Tloc/Air       0%         N/A       99%         4
 Bombard                  Conj/Erth      0%         9d1       100%        6


Dungeon Overview and Level Annotations

Branches:
Dungeon (8/15)             Temple (1/1) D:6         Ossuary (visited)
   Lair: D:8-11

Altars:
Ashenzari
Cheibriados
Dithmenos
Elyvilon
Hepliaklqana
Kikubaaqudgha
Makhleb
Nemelex Xobeh
Okawaru
Ru
Sif Muna
Trog
Uskayaw
Vehumet
Wu Jian
Yredelemnul
Zin
The Shining One

Shops:
D:3 ?   D:4 ?   D:8 *


Innate Abilities, Weirdness & Mutations

You are a hulking beast.
Your limbs bulge with bestial killing power. (Slay +3)
You cannot study or use magical devices.
You can wield a second weapon in your off-hand.
It takes a long time for you to wield or remove held weapons.
Your first few attacks do less damage.
You cannot equip rings or amulets.


Message History

The killer bee is lightly wounded.
You catch the helpless killer bee completely off-guard!
You hit the killer bee with the +1 demon trident of Dofer.
The killer bee is poisoned.
* * * LOW HITPOINT WARNING * * *
You feel very sick. The killer bee barely misses you. x2
You whack the killer bee with your +1 whip of flaming!
You burn the killer bee.
You kill the killer bee!
* * * LOW HITPOINT WARNING * * *
You feel very sick.
* * * LOW HITPOINT WARNING * * *
You feel very sick.
You see here 10 gold pieces.
* * * LOW HITPOINT WARNING * * *
You feel sick.
There is a lethal amount of poison in your body!
There is a lethal amount of poison in your body!
There is a lethal amount of poison in your body!
There is a lethal amount of poison in your body!
* * * LOW HITPOINT WARNING * * *
You feel sick.
* * * LOW HITPOINT WARNING * * *
You feel sick.
There is a lethal amount of poison in your body!
There is a lethal amount of poison in your body!
There is a lethal amount of poison in your body!
There is a lethal amount of poison in your body!
There is a lethal amount of poison in your body!
* * * LOW HITPOINT WARNING * * *
You feel sick.
* * * LOW HITPOINT WARNING * * *
You feel sick.
* * * LOW HITPOINT WARNING * * *
You feel sick.
* * * LOW HITPOINT WARNING * * *
You feel sick.
You die...
Ru respects your ultimate sacrifice.

##### ...###.. #
#..... #.#######..#
. #....<..h..#...
####..$.........#
#.........#.....#
.....#.##.#...#...#
....... #........##
.....#. .#..∩..###
......<...(.....#
###. .....#...#.#
#####.#...#...#


There were no monsters in sight!

Vanquished Creatures
  A wyvern (D:7)
  A steam dragon (D:7)
  A water moccasin (D:6)
  An orc warrior (D:7)
  2 ice beasts
  2 ogres
  A black bear (D:5)
  A phantom (D:6)
  A weeping skull (Ossuary)
  Blork the orc (D:6)
  5 scorpions
  6 water moccasin zombies (Ossuary)
  12 killer bees
  2 jellies
  5 hounds
  An orc priest (D:3)
  5 iguanas
  3 orc wizards (D:7)
  2 crocodile zombies (Ossuary)
  2 mummies (Ossuary)
  4 gnolls (D:4)
  8 adders
  2 shadow imps
  3 white imps
  6 ufetubi
  An adder zombie (Ossuary)
  4 dart slugs
  2 ribbon worms
  14 orcs
  8 ball pythons
  8 endoplasms
  7 goblins
  4 hobgoblins
  5 jackals (D:3)
  8 kobolds
  2 quokkas
  4 bats
  2 frilled lizards (D:1)
  10 gnoll zombies (Ossuary)
  4 jackal zombies (Ossuary)
  5 orc zombies (Ossuary)
  3 rats
169 creatures vanquished.

Notes
Turn   | Place    | Note
-------+----------+-------------------------------------------
     0 | D:1      | oldriver the Coglin Shapeshifter began the quest for the
                  | Orb.
     0 | D:1      | Reached XP level 1. HP: 15/15 MP: 1/1
   325 | D:1      | Reached XP level 2. HP: 21/21 MP: 2/2
   628 | D:1      | Reached skill level 2 in Fighting
  1032 | D:2      | Found a burning altar of Makhleb.
  1083 | D:2      | Reached XP level 3. HP: 21/27 MP: 3/3
  1846 | D:3      | Found Loogewak's Magic Scroll Emporium.
  1853 | D:3      | Bought a scroll of blinking for 75 gold pieces
  1853 | D:3      | Bought a scroll of teleportation for 30 gold pieces
  1887 | D:3      | Reached XP level 4. HP: 34/34 MP: 4/4
  1890 | D:3      | Reached skill level 3 in Fighting
  2311 | D:3      | Reached XP level 5. HP: 35/41 MP: 5/5
  3117 | D:4      | Identified the +1 demon trident of Dofer {venom, rC+ Str+3}
  3425 | D:4      | You fall into a shaft and drop 1 floor!
  3425 | D:5      | Entered Level 5 of the Dungeon
  3610 | D:5      | Reached skill level 4 in Fighting
  3661 | D:5      | Reached XP level 6. HP: 28/48 MP: 6/6
  4104 | D:5      | Noticed an ice beast
  4111 | D:5      | Killed an ice beast
  4112 | D:5      | Reached skill level 5 in Fighting
  4112 | D:5      | Reached XP level 7. HP: 28/56 MP: 7/7
  4320 | D:6      | Noticed Blork the orc
  4324 | D:6      | Killed Blork the orc
  4360 | D:6      | Reached skill level 6 in Fighting
  4403 | D:6      | Found a staircase to the Ecumenical Temple.
  4523 | Temple   | Entered the Ecumenical Temple
  4531 | Temple   | Became a worshipper of Ru the Awakened
  4693 | D:6      | Reached XP level 8. HP: 52/65 MP: 8/8
  4738 | D:6      | Found an ancient bone altar of Kikubaaqudgha.
  4800 | D:6      | Reached skill level 7 in Fighting
  4800 | D:6      | Reached skill level 5 in Shapeshifting
  5673 | D:7      | Found a sand-covered staircase.
  5958 | D:7      | Reached skill level 8 in Fighting
  6135 | Ossuary  | Entered an ossuary
  6299 | Ossuary  | Reached XP level 9. HP: 63/75 MP: 9/9
  6306 | Ossuary  | Reached skill level 9 in Fighting
  6928 | D:4      | Found Taoper's Magic Scroll Boutique.
  6944 | D:4      | Bought a scroll of fog for 48 gold pieces
  6944 | D:4      | Bought a scroll of teleportation for 36 gold pieces
  7857 | D:7      | Found a sparkling altar of Nemelex Xobeh.
  7865 | D:7      | Reached skill level 1 in Armour
  7995 | D:8      | Found Rekhlea's Clear Minds Boutique.
  7996 | D:8      | Gained mutation: You cannot study or use magical devices.
                  | [Ru sacrifice]
  7996 | D:8      | Reached * piety under Ru
  7996 | D:8      | Reached ** piety under Ru
  8008 | D:7      | Reached skill level 10 in Fighting
  8207 | D:7      | HP: 2/78 [killer bee (2)]
  8223 | D:7      | HP: 5/117 [poisoned by a killer bee]
  8490 | D:8      | HP: 3/79 [poisoned by a killer bee]
  8493 | D:8      | HP: 1/79 [poisoned by a killer bee]
  8494 | D:8      | Succumbed to a killer bee's poison

Illustrated notes

Levels and vault maps discovered:
D:1:      mrwooster_arrival_arrow, layout_loops_corners, st_stairs_11,
          minmay_misc_feat_pillars
D:2:      layout_basic, basic_altar
D:3:      layout_basic, serial_shops, nicolae_diamond_shop
D:4:      layout_loops_cross, serial_shops, shop
D:5:      layout_loops_ring
D:6:      layout_basic, lemuel_crystal_altar,
          minmay_temple_entry_statues_pillars, uniq_blork_the_orc
D:7:      layout_loops_corners, nemelex_dance_club_becter,
          mainiacjoe_ossuary_entry_dusty_tomb
D:8:      layout_loops_ring, serial_shops, shop, enter_bailey_5,
          nicolae_shop_i_like_big_books, roderic_batcave,
          nicolae_clarity_for_sale
Temple:   nicolae_temple_x_marks_the_god

Skill      XL: |  1  2  3  4  5  6  7  8  9 |
---------------+----------------------------+-----
Fighting       | 2 3 4 5 6 8 10 | 10.4
Unarmed Combat | 3 |  3.5
Shapeshifting  | 3 4 5 6 |  6.7
Dodging        | 3 |  3.0
Armour         | 2 |  2.1

Action                     |  1- 3 |  4- 6 |  7- 9 || total
---------------------------+-------+-------+-------++-------
  Melee: Unarmed           |   108 |    86 |       ||   194
         Punch             |     3 |     4 |       ||     7
         Demon trident     |       |    37 |   286 ||   323
         Whip              |       |       |    50 ||    50
         Flail             |       |       |    13 ||    13
 Invoke: Sacrifice Artific |       |       |     1 ||     1
    Use: Potion            |     1 |       |     7 ||     8
         Scroll            |       |     6 |     3 ||     9
   Stab: Sleeping          |     1 |     2 |     6 ||     9
         Invisible         |       |       |     2 ||     2
 Armour: Animal skin       |    50 |    77 |    92 ||   219
         Steam dragon scal |       |       |   130 ||   130
         Skin              |       |       |    12 ||    12
  Dodge: Dodged            |    60 |    73 |   212 ||   345

Table legend: (Time is in decaauts)
 A = Elapsed time spent in this place.
 B = Non-inter-level travel time spent in this place.
 C = Inter-level travel time spent in this place.
 D = Time resting spent in this place.
 E = Time spent auto-exploring this place.
 F = Levels seen in this place.
 G = Mean time per level.
                   A        B        C        D        E       F      G
               +--------+--------+--------+--------+--------+-----+--------+
         Total |   8582 |   8128 |    454 |   1086 |   5773 |  10 |  858.2 |
       Dungeon |   8073 |   7635 |    438 |   1086 |   5445 |   8 | 1009.1 |
        Temple |     16 |      1 |     15 |      0 |      0 |   1 |   16.0 |
       Ossuary |    493 |    493 |      0 |      0 |    328 |   1 |  493.0 |
               +--------+--------+--------+--------+--------+-----+--------+

Top non-repeatable levels by time:
     D:7: 1738 daAuts
     D:6: 1431 daAuts
     D:3: 1381 daAuts
     D:1: 966 daAuts
     D:5: 917 daAuts
     D:4: 824 daAuts
     D:2: 783 daAuts
 Ossuary: 493 daAuts
     D:8: 29 daAuts
  Temple: 16 daAuts
